Map: Make em drink blood

Players

Frauke (Author of map, Cheater)

  • Race: Protoss Protoss
  • League: Silver
  • Spawn Location: 1:00

iLiiLiLLiLi - Winner!

  • Race: Protoss Protoss
  • Spawn Location: 7:00

VOD

Have the link to the VOD?

Description

Cheating in arcade is legal.

Time

  • Played on: May 12, 2018, 7:09 a.m.
  • Length: 14:12
Show
View Real Time Build Order
Export as new Build Order

Frauke Protoss 

Build Orders: Cannon Rush 

Get SALT Encoding   

  12  0:01  Probe  
  13  0:21  Pylon  
  13  0:24  Probe  
  14  0:41  Gateway  
  14  0:51  Gateway  
  14  1:06  Forge  
  14  1:12  Pylon  
  14  1:19  Pylon  
  14  1:24  Assimilator  
  14  1:34  Zealot  
  14  1:40  Photon Cannon  
  14  1:42  Photon Cannon, Zealot  
  14  1:44  Photon Cannon  
  14  1:46  Photon Cannon  
  14  1:50  Photon Cannon  
  14  1:58  Gateway  
  14  2:01  Zealot  
  14  2:06  Pylon  
  14  2:09  Pylon  
  14  2:10  Zealot  
  14  2:28  Zealot  
  14  2:31  Gateway  
  14  2:37  Zealot  
  14  2:55  Zealot  
  14  3:04  Zealot  
  14  3:07  Cybernetics Core  
  14  3:09  Zealot  
  14  3:23  Zealot  
  14  3:31  Zealot  
  14  3:36  Zealot  
  14  3:50  Stargate, Zealot  
  14  3:51  Stargate  
  14  3:54  Stargate  
  14  3:58  Stargate, Zealot  
  14  4:03  Zealot  
  14  4:17  Zealot  
  14  4:25  Zealot  
  14  4:30  Zealot  
  14  4:44  Zealot  
  14  4:52  Zealot  
  14  4:57  Zealot  
  14  5:01  Void Ray x4  
  30  5:44  Void Ray x4  
  46  6:26  Void Ray  
  46  6:27  Void Ray x3  
  50  6:46  Zealot x3  
  46  6:57  Robotics Facility  
  46  7:04  Robotics Facility  
  46  7:09  Void Ray  
  46  7:10  Void Ray  
  46  7:13  Zealot x3, Void Ray x2  
  46  7:40  Zealot x3  
  46  7:52  Void Ray  
  46  7:57  Stargate  
  34  8:07  Zealot x3  
  34  8:29  Immortal  
  34  8:33  Void Ray x3  
  46  8:34  Zealot x3  
  46  8:35  Void Ray  
  34  9:08  Zealot x3, Immortal  
  34  9:11  Void Ray  
  34  9:16  Void Ray x3  
  50  9:18  Void Ray  
  50  9:35  Zealot x3  
  50  9:47  Immortal  
  50  9:54  Void Ray  
  50  9:59  Void Ray x3  
  54  10:01  Void Ray  
  54  10:02  Zealot x2  
  54  10:03  Zealot  
  54  10:26  Pylon, Immortal  
  54  10:28  Pylon  
  54  10:29  Zealot x2  
  54  10:30  Zealot  
  54  10:31  Pylon  
  54  10:37  Void Ray  
  54  10:41  Void Ray  
  54  10:42  Void Ray x2  
  70  10:43  Void Ray  
  74  10:56  Zealot  
  74  10:57  Zealot x2  
  70  11:06  Immortal  
  70  11:19  Void Ray  
  70  11:24  Void Ray x2  
  70  11:25  Void Ray  
  86  11:26  Void Ray  
  90  11:32  Zealot  
  90  11:35  Zealot x2  
  90  11:48  Immortal  
  90  11:51  Immortal  
  90  11:59  Zealot  
  82  12:02  Zealot, Void Ray  
  82  12:03  Zealot  
  82  12:07  Void Ray x3  
  70  12:09  Void Ray  
  70  12:27  Zealot, Immortal  
  70  12:29  Zealot, Fleet Beacon  
  70  12:30  Zealot  
  70  12:31  Fleet Beacon, Immortal  
  70  12:33  Robotics Bay  
  70  12:45  Void Ray  
  70  12:50  Void Ray x3  
  86  12:52  Void Ray  
  86  12:54  Zealot  
  86  12:56  Zealot  
  86  12:57  Cybernetics Core, Zealot  
  90  13:07  Immortal  
  90  13:10  Immortal  
  90  13:19  Pylon  
  90  13:24  Zealot  
  90  13:27  Stargate  
  90  13:28  Void Ray  
  90  13:31  Stargate  
Show
View Real Time Build Order
Export as new Build Order

iLiiLiLLiLi Protoss - Winner!

Build Orders:  

Get SALT Encoding   

  12  0:01  Probe  
  13  0:13  Probe  
  14  0:20  Pylon  
  14  0:25  Probe  
  15  0:37  Probe  
  15  0:41  Gateway  
  16  0:45  Probe  
  17  0:53  Probe  
  17  0:56  Assimilator  
  18  1:05  Assimilator, Probe  
  19  1:17  Probe  
  20  1:20  Assimilator  
  20  1:36  Cybernetics Core  
  20  1:37  Probe  
  20  1:39  Gateway  
  21  1:53  Probe  
  22  1:57  Pylon  
  22  2:05  Probe  
  23  2:16  Adept  
  23  2:20  Nexus  
  23  2:27  Warp Gate  
  25  2:33  Probe  
  26  2:39  Adept  
  28  2:45  Probe  
  29  2:54  Stargate  
  29  2:57  Probe  
  30  3:04  Pylon  
  30  3:09  Probe  
  31  3:22  Probe  
  32  3:28  Probe  
  32  3:30  Probe  
  33  3:36  Void Ray, Probe  
  33  3:38  Probe  
  39  3:45  Assimilator  
  39  3:46  Probe  
  39  3:47  Assimilator  
  40  3:48  Probe  
  40  3:53  Adept  
  44  4:07  Shield Battery  
  44  4:08  Shield Battery  
  42  4:20  Stargate  
  40  4:25  Probe x2  
  42  4:37  Probe x2  
  44  4:44  Adept, Void Ray  
  46  4:49  Probe x2  
  48  5:00  Pylon  
  48  5:04  Void Ray  
  48  5:06  Probe x2  
  53  5:10  Pylon  
  53  5:12  Pylon  
  53  5:14  Gateway  
  53  5:18  Probe x2  
  53  5:19  Forge  
  55  5:25  Void Ray  
  55  5:30  Probe  
  60  5:44  Fleet Beacon  
  60  5:46  Probe x2  
  60  5:49  Void Ray  
  66  5:58  Probe  
  66  6:00  Probe  
  66  6:02  Pylon  
  68  6:05  Cybernetics Core  
  68  6:07  Void Ray  
  68  6:10  Probe  
  69  6:13  Probe  
  70  6:29  Void Ray  
  62  6:43  Stargate  
  62  6:45  Void Ray  
  62  6:46  Protoss Air Weapons Level 1  
  66  6:54  Nexus  
  66  6:55  Pylon  
  66  6:58  Probe x2  
  68  7:10  Robotics Facility  
  68  7:12  Void Ray  
  72  7:29  Void Ray  
  76  7:40  Shield Battery  
  76  7:41  Shield Battery  
  76  7:43  Pylon x2  
  76  7:47  Void Ray  
  76  7:52  Probe  
  76  7:53  Probe  
  78  8:05  Probe x2  
  76  8:07  Void Ray  
  80  8:13  Adept  
  80  8:15  Probe  
  80  8:17  Void Ray, Probe x2, Observer  
  90  8:27  Probe  
  90  8:29  Probe x2  
  90  8:33  Stargate  
  93  8:35  Observer  
  93  8:39  Probe  
  93  8:41  Probe x2  
  97  8:44  Void Ray x2  
  97  8:45  Assimilator  
  93  9:08  Assimilator  
  93  9:13  Void Ray  
  93  9:14  Pylon  
  93  9:16  Pylon, Stalker  
  99  9:21  Void Ray  
  103  9:32  Void Ray  
  103  9:33  Forge  
  103  9:36  Shield Battery  
  103  9:38  Void Ray  
  107  9:39  Shield Battery  
  111  9:46  Zealot  
  111  9:54  Gateway  
  111  9:56  Gateway  
  111  9:59  Gateway  
  101  10:02  Pylon  
  101  10:03  Pylon, Carrier  
  101  10:04  Carrier  
  101  10:10  Protoss Ground Weapons Level 1  
  101  10:12  Photon Cannon  
  101  10:14  Photon Cannon  
  101  10:15  Void Ray, Twilight Council  
  101  10:16  Photon Cannon  
  113  10:26  Zealot  
  117  10:40  Protoss Air Weapons Level 2  
  117  10:48  Carrier  
  123  10:52  Graviton Catapult  
  123  10:55  Cybernetics Core  
  123  10:57  Nexus  
  123  10:59  Stargate, Pylon  
  123  11:05  Zealot  
  123  11:14  Void Ray  
  123  11:16  Zealot x3  
  127  11:22  Gateway, Protoss Air Armor Level 1  
  127  11:24  Gateway  
  127  11:27  Carrier x2  
  127  11:31  Pylon  
  127  11:33  Pylon  
  139  11:41  Stargate  
  139  11:42  Stargate  
  139  11:47  Void Ray  
  139  11:53  Probe x3  
  146  11:54  Pylon  
  146  11:56  Pylon  
  146  11:57  Shield Battery  
  146  11:59  Shield Battery  
  142  12:01  Photon Cannon  
  142  12:04  Photon Cannon  
  142  12:05  Probe  
  142  12:06  Charge  
  143  12:12  Void Ray  
  145  12:17  Zealot x3  
  145  12:18  Zealot  
  145  12:24  Void Ray  
  145  12:27  Gateway  
  145  12:29  Gateway  
  149  12:30  Void Ray  
  149  12:32  Assimilator  
  149  12:37  Assimilator  
  153  12:38  Carrier, Void Ray  
  153  12:42  Zealot  
  153  12:43  Zealot x3  
  171  12:52  Stalker x2  
  175  13:00  Void Ray  
  179  13:18  Templar Archives  
  179  13:21  Void Ray  
  179  13:25  Nexus  
  183  13:27  Pylon  
Tags
 
Add a new tag
Caveats
  • Supply blocks, unpowered buildings, or Contaminate may cause inaccurate times.
  • Supply counts are checked every 10 seconds.